 Dungeon Crawl Stone Soup version 0.18-a0-316-gf882de5 (webtiles) character file.

441 Raultor the Changer (level 7, 0/43 HPs)
             Began as an Octopode Transmuter on Nov 27, 2015.
             Slain by an orc priest
             ... wielding a +0 war axe
              (6 damage)
             ... on level 4 of the Dungeon.
             The game lasted 00:08:28 (3881 turns).

Raultor the Changer (Octopode Transmuter)           Turns: 3881, Time: 00:08:28

Health: 0/43       AC:  2    Str: 11    XL:     7   Next: 2%
Magic:  4/10       EV: 20    Int: 16    God:
Gold:   274        SH:  0    Dex: 21    Spells: 3 memorised, 2 levels left

rFire  . . .     SeeInvis .       - Unarmed
rCold  . . .     Clarity  .     (shield currently unavailable)
rNeg   . . .     SustAt   .     (helmet currently unavailable)
rPois  x         Gourm    .     (no amulet)
rElec  .         Spirit   .     g - +4 ring of dexterity
rCorr  .         Warding  .     (no ring)
rMut   .         Stasis   .     (no ring)
MR     .....                    (no ring)
Stlth  ++........               (no ring)
                                (no ring)
                                (no ring)
                                (no ring)

@: spider-form (expiring), very slightly contaminated, not resistant to hostile
enchantments, unstealthy
A: almost no armour, amphibious, 8 rings, (constrict 8), (camouflage 0),
(gelatinous body 0)
a: End Transformation


You were on level 4 of the Dungeon.
You were hungry.
You were a venomous arachnid creature.
You visited 1 branch of the dungeon, and saw 4 of its levels.

You collected 274 gold pieces.

Inventory:

Hand Weapons
 r - a +0 blowgun
Missiles
 q - 46 poisoned needles
Jewellery
 g - a +4 ring of dexterity (left front leg)
Scrolls
 a - 5 scrolls of remove curse {unknown}
 d - 3 scrolls of enchant armour {unknown}
 f - a scroll of magic mapping {unknown}
 h - 5 scrolls of identify {unknown}
 j - a scroll of teleportation {unknown}
 l - a scroll of amnesia {unknown}
 s - a scroll of enchant weapon {unknown}
Potions
 e - a potion of degeneration {unknown}
 i - a potion of curing
 k - a potion of heal wounds {unknown}
 n - a potion of mutation {unknown}
 o - 3 potions of might {unknown}
 p - a potion of lignification {unknown}
 t - a potion of brilliance {unknown}
 u - a potion of agility {unknown}
Books
 b - a book of Changes

   Spells                             Type                      Level
   a - Beastly Appendage              Transmutation                1
   b - Sticks to Snakes               Transmutation                2
   c - Spider Form                    Transmutation/Poison         3
   d - Ice Form                       Ice/Transmutation            4
   e - Blade Hands                    Transmutation                5
Comestibles
 c - 5 bread rations
 m - a meat ration
 v - a beef jerky
 w - 4 fruits
 x - 4 chunks of flesh


   Skills:
 - Level 1.0 Fighting
 - Level 2.0 Dodging
 - Level 3.0 Unarmed Combat
 - Level 2.0 Spellcasting
 + Level 5.9 Transmutations
 * Level 4.0 Ice Magic


You had 2 spell levels left.
You knew the following spells:

 Your Spells              Type           Power        Failure   Level  Hunger
a - Beastly Appendage     Trmt           ###...       8%          1    #......
b - Spider Form           Trmt/Pois      ##........   41%         3    ###....
c - Ice Form              Ice/Trmt       ###.....     56%         4    #####..


Dungeon Overview and Level Annotations

Branches:
Dungeon (4/15)
 Temple: D:4-7

Altars:
Fedhas
Kikubaaqudgha
Vehumet
Yredelemnul

Annotations:
D:4 1 runed door


Innate Abilities, Weirdness & Mutations

You cannot wear most types of armour.
You are amphibious.
You can wear up to eight rings at the same time.
((You can use your tentacles to constrict eight enemies at once.))
((Your skin changes colour to match your surroundings (Stealth).))
((Your rubbery body absorbs attacks (AC +1).))


Message History

Things that are here:
a dagger; a robe You hit the orc but do no damage.
The orc is poisoned.
You are feeling hungry.
The orc closely misses you.
You hit the orc.
The orc looks even sicker.
The orc is moderately wounded.
The orc closely misses you.
You hit the orc but do no damage.
The orc looks even sicker.
The orc is heavily wounded.
The orc hits you.
You completely miss the orc.
The orc is severely wounded.
You kill the orc!
The orc priest calls down the wrath of Beogh upon you.
Something smites you!
* * * LOW HITPOINT WARNING * * *
Your transformation is almost over.
The orc priest hits you with a war axe.
You die...

..##
##..####.................
...##
#.....................#.
#...#
##..................####
##..##
###.....###.........# #
#...#####......##
####......## #
##............## ######..##
###............## ##..##
#......####.....#########
##..#
...............os)).....##
##..
...............##8..8##..#
##.
.......######.###....⌠##.##
## .......# ######..####..#
# .......# #_.....##.##
.......# #####..###..#
....^..# ##.#......#.##
.......### #..###..#####
.........####..#_....#


You could see an orc priest.

Vanquished Creatures
  An ogre (D:4)
  4 orc wizards
  A hound (D:4)
  A worker ant (D:4)
  Terence (D:2)
  8 adders
  An adder skeleton (D:4)
  3 worms
  2 giant geckos (D:3)
  6 orcs
  A ball python (D:2)
  4 giant cockroaches
  4 goblins
  5 hobgoblins
  6 kobolds
  A quokka (D:3)
  6 bats
  4 giant newts
  A goblin zombie (D:4)
  6 jackals
  A jackal skeleton (D:4)
  A quokka skeleton (D:4)
  12 rats
80 creatures vanquished.

Notes
Turn   | Place    | Note
--------------------------------------------------------------
     0 | D:1      | Raultor the Octopode Transmuter began the quest for the Orb.
     0 | D:1      | Reached XP level 1. HP: 13/13 MP: 3/3
   183 | D:1      | Reached XP level 2. HP: 13/18 MP: 5/5
   976 | D:2      | Reached XP level 3. HP: 23/23 MP: 6/6
   981 | D:2      | Learned a level 3 spell: Spider Form
  1324 | D:2      | Noticed Terence
  1358 | D:2      | Killed Terence
  1358 | D:2      | Reached skill level 4 in Transmutations
  1358 | D:2      | Reached XP level 4. HP: 21/28 MP: 4/7
  2089 | D:3      | Reached skill level 5 in Transmutations
  2089 | D:3      | Reached XP level 5. HP: 22/33 MP: 5/8
  2104 | D:3      | Learned a level 4 spell: Ice Form
  2263 | D:3      | Reached skill level 1 in Ice Magic
  2467 | D:3      | Found a blossoming altar of Fedhas.
  3154 | D:4      | Noticed an ogre
  3166 | D:4      | Killed an ogre
  3166 | D:4      | Reached XP level 6. HP: 38/38 MP: 6/9
  3246 | D:4      | Found a runed door.
  3246 | D:4      | Noticed a human
  3251 | D:4      | Found a basalt altar of Yredelemnul.
  3373 | D:4      | Found an ancient bone altar of Kikubaaqudgha.
  3377 | D:4      | Found a radiant altar of Vehumet.
  3380 | D:4      | Found a blossoming altar of Fedhas.
  3874 | D:4      | Reached XP level 7. HP: 24/43 MP: 3/10
  3881 | D:4      | Slain by an orc priest

Vault maps used:
D:1:      dpeg_chamrin_arrival_tetris
D:2:      uniq_terence
D:3:      fedhas_altar_1
D:4:      minitemple, first_bread, dk_yredelemnul_ordeal

Action                   |  1- 3 |  4- 6 |  7- 9 || total
-------------------------+-------+-------+-------++-------
Melee: Unarmed           |    75 |   132 |     4 ||   211
 Cast: Spider Form       |     1 |     7 |       ||     8
  Use: Potion            |       |     1 |       ||     1
 Stab: Sleeping          |     5 |     8 |       ||    13
  Eat: Chunk             |     1 |     9 |       ||    10
